AoeStats
← 超哥帅呆了

Arabia

506301726Analyzed
1v1 RM · 20d ago on Sep 13, 2026· 44m 10s· 2 players
Game mode
Random Map
Map size
Tiny (2 player)
Population
200
Speed
Normal
Resources
Standard
Victory
Conquest
Starting age
Dark Age
Ending age
Imperial Age
RankedLock teamsTeams togetherTeam positionsShared explorationLock speedFull tech treeHidden civsTurbo modeCheats
Victory
Defeat
🇨🇳 Mongols · China
1005
+26
🇦🇺 Britons · Australia
1022
-17
超哥帅呆了
5:13 Loom
10:15 Feudal Age
10:56 Double-Bit Axe
11:15 Horse Collar
15:34 Fletching
17:07 Gold Mining
18:28 Padded Archer Armor
22:36 Castle Age
22:44 Crossbowman
23:30 Thumb Ring
24:04 Bow Saw
25:28 Bodkin Arrow
27:20 Stone Mining
28:50 Wheelbarrow
29:13 Husbandry
32:35 Bloodlines
33:41 Heavy Plow
40:58 Imperial Age
39:17 Ballistics
41:13 Leather Archer Armor
41:38 Scale Barding Armor
42:39 Conscription
43:18 Bracer
43:39 Chain Barding Armor
Insanesticker
9:22 Loom
11:07 Feudal Age
18:13 Castle Age
18:45 Elite Skirmisher
20:33 Husbandry
20:45 Fletching
21:55 Bodkin Arrow
27:43 Padded Archer Armor
28:44 Double-Bit Axe
29:22 Pikeman
30:05 Squires
30:23 Pikeman
32:25 Scale Mail Armor
35:12 Chain Mail Armor
35:44 Wheelbarrow
43:20 Imperial Age
Connection lost

Rejoining the realm…

Still unreachable

The connection could not be restored.

Session expired

The server has moved on; the page needs a fresh start.